 Dungeon Crawl Stone Soup version 0.30-a0-311-gf115ab0 (webtiles) character file.

Game seed: 8065711748861442658

670438 Sixotanaka the Hawkeye (level 27, -5/291 HPs)
             Began as a Gnoll Gladiator on Oct 25, 2022.
             Was the Champion of Cheibriados.
             Slain by Cerebov
             ... wielding the +6 sword of Cerebov {flame}
              (38 damage)
             ... in Pandemonium.
             The game lasted 05:14:41 (85885 turns).

Sixotanaka the Hawkeye (Gnoll Gladiator)           Turns: 85885, Time: 05:14:41

Health: -5/291     AC: 40    Str: 35    XL:     27
Magic:  53/55      EV: 41    Int: 27    God:    Cheibriados [******]
Gold:   3552       SH: 37    Dex: 33    Spells: 9/65 levels left

rFire   + . .      SeeInvis +    b - +8 flail of the Blushing Fulmar {holy, *Noise rF+ rC+ rN+++}
rCold   + + .      Faith    .    o - +6 tower shield {AC+3}
rNeg    + + +      Spirit   .    (body armour currently unavailable)
rPois   ∞          Reflect  +    c - +1 helmet {SInv}
rElec   +          Harm     .    Q - +2 cloak {rCorr}
rCorr   +          Rampage  .    (gloves currently unavailable)
Will    +++..                    (boots currently unavailable)
Stlth   +++++++++.               k - amulet of Sinoext {Reflect Will+ SH+5 Stlth+}
HPRegen 0.68/turn                i - ring of Oqus {rF+ rN+ rCorr EV+4}
MPRegen 0.34/turn                f - ring "Jureisch" {rElec rC+ MP+9 Str+4 Int-3}

@: mighty, about to teleport, statue-form, fire vulnerable, studying 2 skills,
very slow
A: slow and powerful, torment resistance 1, boosted hp, fangs 1, strong nose,
distributed training, screaming 1
}: 5/15 runes: decaying, serpentine, slimy, silver, abyssal
a: End Transformation, Renounce Religion, Bend Time, Temporal Distortion,
Slouch, Step From Time


You were in Pandemonium.
You worshipped Cheibriados.
Cheibriados was exalted by your worship.
You were a living statue of rough stone.
You visited 9 branches of the dungeon, and saw 46 of its levels.
You visited Pandemonium 1 time, and saw 5 of its levels.
You visited the Abyss 3 times.
You visited 1 bazaar.
You also visited: Bailey, Gauntlet, Ice Cave, Volcano and Wizlab.

You collected 8226 gold pieces.
You spent 4674 gold pieces at shops.

Inventory:

Hand Weapons
 a - a +9 demon blade of pain
 b - the +8 flail of the Blushing Fulmar (weapon) {holy, *Noise rF+ rC+ rN+++}
   (You found it in Pandemonium)

   It has been blessed by the Shining One to cause great damage to the undead
   and demons.
   rF:        It protects you from fire.
   rC:        It protects you from cold.
   rN:        It renders you almost immune to negative energy.
   *Noise:    It may make noises in combat.
Missiles
 d - 3 throwing nets
 h - 22 atropa-tipped darts (quivered)
 r - 8 silver javelins
 R - 15 curare-tipped darts
Armour
 c - a +1 helmet of see invisible (worn)
 o - a +6 tower shield of protection (worn)
 q - the +3 pair of gauntlets of War (melded) {Slay+5}
   (You found it in a wizard's laboratory)

   Slay:      It affects your accuracy & damage with ranged weapons and melee
   (+5).
 J - the +1 pair of boots of Oily Music (melded) {+Blink rC+ rN+ Dex-4}
   (You bought it in a shop on level 2 of the Depths)

   Dex:       It affects your dexterity (-4).
   rC:        It protects you from cold.
   rN:        It protects you from negative energy.
   +Blink:    It lets you blink.
 K - +2 gold dragon scales (melded)
 Q - a +2 cloak of preservation (worn)
Jewellery
 f - the ring "Jureisch" (right fist) {rElec rC+ MP+9 Str+4 Int-3}
   (You acquired it in Pandemonium)

   [ring of protection from cold]

   Str:       It affects your strength (+4).
   Int:       It affects your intelligence (-3).
   rC:        It protects you from cold.
   rElec:     It insulates you from electricity.
   MP:        It affects your magic capacity (+9).
 i - the ring of Oqus (left fist) {rF+ rN+ rCorr EV+4}
   (You acquired it on level 2 of the Depths)

   [ring of evasion]

   EV:        It affects your evasion (+4).
   rF:        It protects you from fire.
   rN:        It protects you from negative energy.
   rCorr:     It protects you from acid and corrosion.
 k - the amulet of Sinoext (around neck) {Reflect Will+ SH+5 Stlth+}
   (You bought it in a shop on level 4 of the Snake Pit)

   [amulet of reflection]

   It reflects blocked missile attacks.
   SH:        It affects your SH (+5).
   Will:      It increases your willpower.
   Stlth:     It makes you more stealthy.
 u - a ring of willpower
 v - the ring of the Tempest {Fly rCorr Str+4}
   (You took it off a skeletal warrior on level 2 of the Depths)

   [ring of flight]

   Str:       It affects your strength (+4).
   Fly:       It grants you flight.
   rCorr:     It protects you from acid and corrosion.
 y - a ring of protection from fire
 B - a ring of resist corrosion
 F - the ring "Palymeih" {rElec rC+ rN+ Will-}
   (You found it in an ice cave)

   [ring of protection from cold]

   rC:        It protects you from cold.
   rElec:     It insulates you from electricity.
   rN:        It protects you from negative energy.
   Will:      It decreases your willpower.
 Y - the ring of Karehuc {rElec rF- rN++ Will+ Int+6}
   (You took it off an ironbound convoker on level 5 of the Vaults)

   [ring of intelligence]

   Int:       It affects your intelligence (+6).
   rF:        It makes you vulnerable to fire.
   rElec:     It insulates you from electricity.
   rN:        It greatly protects you from negative energy.
   Will:      It increases your willpower.
Wands
 j - a wand of mindburst (42)
 x - a wand of polymorph (20)
 A - a wand of digging (11)
 D - a wand of acid (22)
 M - a wand of roots (42)
Scrolls
 g - 4 scrolls of magic mapping
 l - 11 scrolls of amnesia
 n - 5 scrolls of blinking
 z - 7 scrolls of immolation
 C - 8 scrolls of fog
 E - 16 scrolls of teleportation
 I - 8 scrolls of fear
 V - 6 scrolls of silence
 Z - 4 scrolls of torment
Potions
 e - 13 potions of mutation
 m - 7 potions of attraction
 p - 25 potions of curing
 s - 5 potions of berserk rage
 t - 5 potions of invisibility
 w - 10 potions of flight
 L - 3 potions of brilliance
 N - 3 potions of resistance
 P - 4 potions of lignification
 S - 2 potions of magic
 T - 3 potions of heal wounds
 U - 2 potions of cancellation
 W - 3 potions of ambrosia
 X - a potion of might
Miscellaneous
 G - a phial of floods
 H - the horn of Geryon
 O - a phantom mirror


   Skills:
 + Level 20.1 Fighting
 + Level 19.6 Short Blades
 + Level 19.6 Long Blades
 + Level 19.6 Axes
 + Level 19.6 Maces & Flails
 + Level 20.5 Polearms
 + Level 19.6 Staves
 + Level 19.6 Ranged Weapons
 + Level 22.9 Throwing
 + Level 19.6 Armour
 + Level 20.5 Dodging
 + Level 19.7 Stealth
 + Level 19.6 Shields
 + Level 19.6 Unarmed Combat
 + Level 19.6 Spellcasting
 + Level 16.7 Conjurations
 + Level 16.7 Hexes
 + Level 16.7 Summonings
 + Level 16.7 Necromancy
 + Level 16.7 Translocations
 + Level 16.7 Transmutations
 + Level 16.7 Fire Magic
 + Level 16.7 Ice Magic
 + Level 16.7 Air Magic
 + Level 16.7 Earth Magic
 + Level 16.7 Poison Magic
 + Level 21.2 Invocations
 + Level 19.6 Evocations


You had 9 spell levels left.
You knew the following spells:

 Your Spells              Type           Power      Damage    Failure   Level
a - Wereblood             Tmut           87%        N/A       0%          2
b - Statue Form           Tmut/Erth      58%        N/A       1%          6
d - Summon Ice Beast      Ice/Summ       87%        N/A       1%          4
e - Fireball              Conj/Fire      43%        3d17      1%          5
f - Iskenderun's Mystic   Conj/Tloc      87%        2d17      1%          4
g - Freezing Cloud        Conj/Ice/Air   43%        6-21      1%          5
h - Sublimation of Blood  Necr           87%        N/A       0%          2
i - Olgreb's Toxic Radia  Pois           87%        N/A       1%          4
j - Yara's Violent Unrav  Hex/Tmut       43%        3d17      1%          5
k - Lee's Rapid Deconstr  Erth           43%        3d21*     1%          5
l - Iron Shot             Conj/Erth      43%        9d8       1%          6
m - Summon Forest         Summ/Tloc      43%        N/A       1%          5
n - Passwall              Tmut/Erth      72%        N/A       0%          2
o - Apportation           Tloc           100%       N/A       0%          1

Your spell library contained the following spells:

 Spells                   Type           Power      Damage    Failure   Level
 Beastly Appendage        Tmut           100%       N/A       0%          1
 Foxfire                  Conj/Fire      100%       2x1d9     0%          1
 Necrotise                Necr           100%       1d9       0%          1
 Shock                    Conj/Air       100%       1d9       0%          1
 Slow                     Hex            100%       N/A       0%          1
 Sting                    Tmut/Pois      100%       1d8       0%          1
 Summon Small Mammal      Summ           100%       N/A       0%          1
 Cigotuvi's Dreadful Rot  Necr/Pois/Air  100%       N/A       0%          2
 Poisonous Vapours        Pois/Air       100%       N/A       0%          2
 Scorch                   Fire           100%       2d10      0%          2
 Call Canine Familiar     Summ           87%        N/A       0%          3
 Confusing Touch          Hex            87%        N/A       0%          3
 Dazzling Flash           Conj/Hex       100%       N/A       0%          3
 Frozen Ramparts          Ice            100%       1d16      0%          3
 Hailstorm                Conj/Ice       87%        3d17      0%          3
 Ignite Poison            Fire/Tmut/Pois 87%        N/A       0%          3
 Inner Flame              Hex/Fire       87%        N/A       0%          3
 Kindle Blastsparks       Fire/Tloc/Air  100%       2d18      0%          3
 Lesser Beckoning         Tloc           100%       N/A       0%          3
 Mephitic Cloud           Conj/Pois/Air  87%        N/A       0%          3
 Portal Projectile        Hex/Tloc       100%       N/A       0%          3
 Stone Arrow              Conj/Erth      100%       3d13      0%          3
 Swiftness                Air            87%        N/A       0%          3
 Tukima's Dance           Hex            87%        N/A       0%          3
 Vampiric Draining        Necr           87%        2d12      0%          3
 Airstrike                Air            43%        2d(7-23)  1%          4
 Anguish                  Hex/Necr       43%        N/A       1%          4
 Animate Dead             Necr           87%        N/A       1%          4
 Dispel Undead            Necr           87%        3d28      1%          4
 Flame Wave               Conj/Fire      87%        2d19      1%          4
 Fulminant Prism          Conj/Hex       43%        3d20      1%          4
 Ice Form                 Ice/Tmut       87%        N/A       1%          4
 Leda's Liquefaction      Hex/Erth       43%        N/A       1%          4
 Passage of Golubria      Tloc           87%        N/A       1%          4
 Petrify                  Tmut/Erth      87%        N/A       1%          4
 Sticky Flame             Conj/Fire      87%        2d10      1%          4
 Summon Lightning Spire   Summ/Air       87%        N/A       1%          4
 Agony                    Necr           87%        N/A       1%          5
 Alistair's Intoxication  Tmut/Pois      58%        N/A       1%          5
 Blade Hands              Tmut           43%        N/A       1%          5
 Borgnjor's Vile Clutch   Necr/Erth      43%        N/A       1%          5
 Irradiate                Conj/Tmut      43%        3d26      1%          5
 Iskenderun's Battlesphe  Conj           87%        2d13      1%          5
 Metabolic Englaciation   Hex/Ice        43%        N/A       1%          5
 Silence                  Hex/Air        43%        N/A       1%          5
 Summon Mana Viper        Hex/Summ       87%        N/A       1%          5
 Conjure Ball Lightning   Conj/Air       43%        3x3d15    1%          6
 Death Channel            Necr           43%        N/A       1%          6
 Eringya's Noxious Bog    Tmut/Pois      43%        N/A       1%          6
 Simulacrum               Ice/Necr       43%        N/A       1%          6
 Starburst                Conj/Fire      43%        6d12      1%          6
 Summon Cactus Giant      Summ           43%        N/A       1%          6
 Dragon Form              Tmut           43%        N/A       3%          7
 Enfeeble                 Hex            43%        N/A       3%          7
 Malign Gateway           Summ/Tloc      43%        N/A       3%          7
 Monstrous Menagerie      Summ           43%        N/A       3%          7
 Ozocubu's Refrigeration  Ice            43%        4d17      3%          7
 Spellforged Servitor     Conj/Summ      43%        N/A       3%          7
 Storm Form               Tmut/Air       43%        N/A       3%          7
 Summon Hydra             Summ           43%        N/A       3%          7
 Discord                  Hex            43%        N/A       24%         8
 Disjunction              Tloc           43%        N/A       24%         8
 Ignition                 Fire           43%        3d13      24%         8
 Maxwell's Capacitive Co  Air            43%        ∞         24%         8
 Summon Horrible Things   Summ           43%        N/A       24%         8
 Polar Vortex             Ice            43%        N/A       98%         9


Dungeon Overview and Level Annotations

Branches:
Dungeon (15/15)            Temple (0/1) D:7            Lair (5/5) D:9
  Swamp (4/4) Lair:3        Snake (4/4) Lair:3        Slime (5/5) Lair:4
    Orc (0/2) D:9          Vaults (5/5) D:13          Crypt (3/3) Vaults:2
   Tomb (0/3) Crypt:3      Depths (4/4) D:15           Hell (visited)
    Dis (0/7) Hell            Geh (0/7) Hell            Coc (0/7) Hell
    Tar (0/7) Hell            Zot (0/5) Depths:4     Bailey (visited)
  IceCv (visited)         Volcano (visited)          WizLab (visited)
Gauntlet (visited)

Altars:
Cheibriados
Fedhas
Kikubaaqudgha
Okawaru
Ru
Sif Muna
Trog
Uskayaw
Wu Jian
Xom
Yredelemnul
Zin
Jiyva
Lugonu

Shops:
D:11 !   D:12 :   D:14 =   Snake:2 (   Snake:4 **(*   Vaults:2 (   Depths:2 *
Depths:3 *

Portals:
Hell: Depths:1 Depths:2 Depths:3 Depths:4
Abyss: Lair:5 Depths:1
Pandemonium: Depths:2 Depths:4
Ziggurat: Depths:4

Annotations:
D:2 1 runed translucent door, Crazy Yiuf
D:4 3 runed translucent doors, Grinder; bobfrom10's ghost, amateur DEIE; bobfrom10's ghost, amateur OgWr
Lair:5 1 runed translucent door, Dega's ghost, journeyman SpHu
Swamp:2 Nikola
Snake:1 1 runed translucent door, bobfrom10's ghost, journeyman DECj
Depths:1 1 transporter
Pan Cerebov


Innate Abilities, Weirdness & Mutations

You are a living statue of rough stone.
Your actions are slow, but your melee attacks are powerful.
You are resistant to unholy torment.
Your maximum health is greatly increased.
You are immune to poison.
Your equipment is partially melded.
You have very sharp teeth.
Your uncanny sense of smell can sniff out nearby items.
Your experience applies equally to all skills.
You occasionally shout uncontrollably at your foes.


Message History

You hit Cerebov.
Cerebov convulses.
Cerebov is moderately wounded.
You block Cerebov's attack. You block the hellion's attack.
Cerebov hits you with the +6 sword of Cerebov {flame}!!
Cerebov burns you. The Brimstone Fiend gestures at you.
The sphere of damnation explodes!
The damnation engulfs Cerebov.
Cerebov completely resists.
The damnation engulfs the Brimstone Fiend.
The Brimstone Fiend completely resists.
The damnation engulfs the hellion.
The hellion completely resists.
The damnation engulfs you!! The hellion gestures at you.
The sphere of damnation explodes!
The damnation engulfs you!
* * * LOW HITPOINT WARNING * * *
The damnation engulfs the hellion.
The hellion completely resists.
The damnation engulfs Cerebov.
Cerebov completely resists.
Cerebov shouts, "Accept thy fall, thou fulsome unchin-snouted bounder!"
As you read the scroll of teleportation, it crumbles to dust.
You feel strangely unstable. You block Cerebov's attack.
The hellion gestures at you.
The sphere of damnation explodes!
The damnation engulfs you!!
* * * LOW HITPOINT WARNING * * *
The damnation engulfs the hellion.
The hellion completely resists.
The damnation engulfs Cerebov.
Cerebov completely resists.
You block Cerebov's attack. The hellion gestures at you.
The sphere of damnation explodes!
The damnation engulfs you!
* * * LOW HITPOINT WARNING * * *
The damnation engulfs the hellion.
The hellion completely resists.
The damnation engulfs Cerebov.
Cerebov completely resists.
The balrug gestures at you.
The bolt of fire hits the Brimstone Fiend.
The Brimstone Fiend completely resists.
The bolt of fire hits Cerebov.
Cerebov completely resists.
The bolt of fire misses you. You block the hellion's attack.
The Brimstone Fiend calls on the powers of darkness!
Your body is wracked with pain!
* * * LOW HITPOINT WARNING * * *
Cerebov hits you with the +6 sword of Cerebov {flame}!!!
You die...

.....## ☼☼☼....#####
........... .........
#####.....#####
#[.:#.....#...#
#.2.##...##.:.# ∆
###=)8#.....#...###
##.##&##.....##)##.##
##..212).....))).)...##
#..#######&..#######))#
#####.# #...# #.###
#)..#.# #'''# #.#.)
#:.|'.# #...# #.'.) ∆
#).}#.# ...... #.#.}
#####.# ........ #.###


You could see Cerebov (fast), a Brimstone Fiend (summoned), a balrug (summoned)
and 2 hellions.

Vanquished Creatures
  the Royal Jelly (Slime:5)
  A dread lich (Abyss:3)
  2 ancient liches
  A juggernaut (Abyss:5)
  Josephina (Depths:4)
  Vv (Depths:3)
  Geryon (Hell)
  A caustic shrike (Depths:3)
  7 golden dragons
  3 profane servitors
  4 bone dragons
  2 Brimstone Fiends (Pan)
  7 Tzitzimimeh (Pan)
  4 pandemonium lords (Pan)
  7 Ice Fiends (Pan)
  10 Hell Sentinels (Pan)
  2 tentacled monstrosities
  A moon troll (WizLab)
  A walking earthen tome (Depths:3)
  2 quicksilver dragons (WizLab)
  4 titans
  11 liches
  A walking frostbound tome (Depths:3)
  Murray (Depths:1)
  23 acid blobs
  2 Executioners
  6 sphinxes
  20 tentacled starspawn
  5 ancient champions
  Kirke (D:14)
  3 revenants
  2 thorn hunters
  3 tengu reavers
  5 storm dragons
  4 shadow dragons
  14 rockslimes
  2 demonspawn warmongers (Pan)
  5 nagarajas
  An iron dragon (Vaults:4)
  3 deep elf sorcerers
  2 draconian knights
  11 azure jellies
  8 frost giants
  6 fire giants
  Louise (D:14)
  18 balrugs
  9 cacodemons
  A draconian stormcaller (Depths:4)
  18 vault wardens
  A curse skull (Crypt:3)
  3 ghouls
  4 spectral caustic shrikes (Depths:1)
  2 demonspawn corrupters (Pan)
  23 ironbound preservers
  2 orc warlords (Vaults:1)
  An angel (Abyss:5)
  A draconian annihilator (Depths:4)
  10 quicksilver oozes
  18 stone giants
  6 war gargoyles
  A starflower (Abyss:3)
  18 reapers
  25 very ugly things
  2 ophanim (Abyss:5)
  4 ironbound thunderhulks
  2 eleionomae
  9 vampire knights
  A deep elf demonologist (Vaults:5)
  4 demonspawn black suns (Pan)
  21 dire elephants
  18 lorocyprocas (Pan)
  2 red draconians (Depths:4)
  10 bunyips
  A purple draconian (Depths:4)
  A minotaur (Gauntlet)
  4 spark wasps
  6 white draconians
  A merfolk javelineer (Depths:3)
  2 deep elf death magi
  A yellow draconian (Abyss:3)
  Snorg (D:12)
  3 blizzard demons
  11 green deaths
  6 ettins
  2 eidola (Crypt:2)
  A quicksilver dragon zombie (Crypt:2)
  5 deep elf high priests
  13 yaktaur captains
  3 entropy weavers
  3 fire dragons
  16 jiangshi
  20 great orbs of eyes
  9 rakshasas
  6 ice dragons
  2 salamander tyrants (Snake:4)
  3 spriggan zombies
  2 peacekeepers
  40 vault guards
  3 catoblepae
  2 hell beasts
  16 hydras
  13 centaur warriors
  An ogre mage (Vaults:5)
  11 anacondas
  7 boulder beetles
  2 two-headed ogres
  4 ghost crabs
  2 dancing weapons (Abyss:5)
  14 ironbound frosthearts
  10 alligators
  6 death knights
  50 starcursed masses
  15 naga warriors
  A bennu skeleton (Crypt:2)
  11 hell hogs
  6 deep troll shamans
  27 thrashing horrors
  6 vampire magi
  A tengu warrior (Depths:1)
  A spriggan berserker (Depths:4)
  A death yak (D:9)
  3 deep troll earth magi (Depths:4)
  Sonja (Lair:5)
  14 wretched stars
  4 shock serpents
  A deep elf knight (D:13)
  9 naga sharpshooters
  51 sun demons
  Nergalle (Lair:3)
  33 soul eaters
  A hell knight (Depths:4)
  Amaemon (D:9)
  An orb spider (Abyss:3)
  4 shadow wraiths (Crypt:3)
  6 iron trolls
  A spark wasp zombie (Hell)
  2 goliath frogs
  60 large abominations
  12 sixfirhies
  37 skeletal warriors
  An anaconda zombie (Hell)
  2 cherubim (Abyss:5)
  A salamander mystic (Snake:3)
  40 deep trolls
  14 glowing orange brains
  A spriggan druid (Swamp:2)
  8 flayed ghosts
  A quicksilver dragon simulacrum (Crypt:3)
  4 shadow demons (Pan)
  7 naga ritualists
  8 swamp dragons
  2 kraken simulacra (Hell)
  2 phantasmal warriors
  An obsidian statue (Vaults:2)
  A spriggan simulacrum (Snake:1)
  8 orc knights
  An iron giant skeleton (Abyss:3)
  24 lindwurms
  6 bog bodies
  An anaconda skeleton (Crypt:3)
  2 orange crystal statues
  10 wizards
  6 mana vipers
  5 harpies (Vaults:2)
  A deep elf pyromancer (D:15)
  27 ironbound convokers
  3 fire giant zombies (Hell)
  4 necromancers
  4 cyclopes
  3 orc sorcerers
  8 salamanders
  2 oklob plants (Abyss:3)
  2 shining eyes (shapeshifter)
  69 ugly things
  6 will-o-the-wisps
  A frost giant zombie (Hell)
  A moth of wrath (shapeshifter) (Vaults:5)
  A faun (shapeshifter) (Vaults:4)
  A shadow dragon zombie (Hell)
  An iron dragon zombie (Crypt:1)
  2 shining eyes
  11 elephants
  2 salamanders (shapeshifter)
  3 apocalypse crabs
  8 worldbinders
  A human skeleton (Crypt:1)
  2 manticores
  3 rust devils
  Joseph (D:9)
  3 naga zombies (Crypt:1)
  8 eyes of devastation
  10 guardian serpents
  19 vault sentinels
  3 torpor snails
  31 smoke demons
  An ice statue (Hell)
  2 fire giant skeletons (Depths:2)
  28 black mambas
  5 cane toads
  A titan simulacrum (Depths:4)
  19 orange demons
  A green draconian zombie (Crypt:1)
  2 molten gargoyles (Hell)
  A shock serpent skeleton (Crypt:2)
  15 naga magi
  A gargoyle (D:10)
  4 storm dragon simulacra (IceCv)
  4 unseen horrors
  Maggie (D:9)
  4 hellions
  8 komodo dragons
  23 yaktaurs
  11 demonic crawlers
  8 efreet
  6 anaconda simulacra
  An orb spider zombie (Crypt:2)
  6 hellwings (Pan)
  5 freezing wraiths
  10 ice devils
  7 golden dragon simulacra
  3 rime drakes
  3 tengu conjurers
  3 trolls
  11 ancient zymes
  A harpy zombie (Crypt:1)
  2 wind drakes (shapeshifter)
  10 tormentors
  A hydra zombie (Hell)
  13 hornets
  3 meliai (D:14)
  122 slime creatures
  6 tyrant leeches
  13 dream sheep
  3 hydra skeletons (Hell)
  36 raiju
  8 blink frogs (Lair:5)
  A stone giant simulacrum (Crypt:3)
  An alligator zombie (Crypt:1)
  A human simulacrum (Crypt:3)
  An ettin zombie (Hell)
  9 shadows
  A fire dragon zombie (Crypt:2)
  59 flying skulls
  A centaur simulacrum (D:14)
  5 water elementals
  2 culicivoras
  41 yaks
  3 vampires
  23 ynoxinuls
  4 hogs (D:14)
  6 wraiths
  14 golden eyes
  6 humans
  13 spriggans
  7 wyverns
  2 hogs (shapeshifter)
  A golden eye (shapeshifter) (Depths:3)
  5 redbacks
  25 neqoxecs
  8 basilisks
  A wind drake skeleton (Crypt:2)
  2 steam dragons
  30 chaos spawn
  18 vampire mosquitoes
  2 acid dragons
  31 nagas
  A glowing shapeshifter zombie (Crypt:2)
  9 swamp worms
  A water nymph zombie (Crypt:2)
  15 water moccasins
  Duvessa (D:6)
  3 floating eyes
  13 hell hounds
  A water nymph skeleton (Crypt:2)
  A naga skeleton (Abyss:3)
  A black bear (D:7)
  A floating eye (shapeshifter) (Depths:3)
  17 orc warriors
  2 ice beasts
  2 sky beasts (D:7)
  8 ice dragon simulacra (IceCv)
  4 ogres
  13 centaurs
  11 kobold brigands
  A phantom (D:5)
  A hog skeleton (Crypt:2)
  A nameless horror (D:14)
  A gnoll sergeant (D:9)
  6 necrophages
  2 glowing shapeshifter simulacra (Depths:4)
  11 bullfrogs
  2 scorpions
  3 deep troll simulacra (Snake:1)
  6 wights
  Dowan (D:6)
  8 killer bees
  3 lindwurm simulacra (IceCv)
  A shapeshifter skeleton (Crypt:1)
  A troll skeleton (Crypt:1)
  8 electric eels
  32 small abominations
  2 howler monkeys (D:9)
  A crimson imp (Pan)
  2 quasits (Abyss:3)
  A hound (D:3)
  4 jellies
  3 orc priests
  2 gnoll boudas (D:6)
  3 iron imps
  Jessica (D:2)
  An iguana (D:5)
  6 orc wizards
  Robin (D:2)
  6 adders
  21 gnolls
  A shadow imp (D:6)
  2 white imps
  7 ufetubi
  A lava snake skeleton (Crypt:1)
  A worm (D:2)
  2 dart slugs
  34 orcs
  6 endoplasms
  4 giant cockroaches
  20 goblins
  17 hobgoblins
  15 jackals
  3 quokkas
  6 ball pythons
  6 bats
  4 frilled lizards
  21 kobolds
  7 rats
  A briar patch (Swamp:1)
  2 foxfires (Swamp:1)
  4 lurking horrors (Abyss:3)
  12 starspawn tentacles
2605 creatures vanquished.

Vanquished Creatures (collateral kills)
  2 lorocyprocas (Pan)
  An ettin (Vaults:5)
  A hydra (Swamp:3)
  A steelbarb worm (shapeshifter) (Lair:5)
  A shining eye (Slime:5)
  4 slime creatures (Slime:5)
  A basilisk (Lair:5)
  A neqoxec (Abyss:3)
  3 starcursed masses (Abyss:3)
15 creatures vanquished.

Vanquished Creatures (others)
  A tentacled monstrosity (Vaults:5)
  A swamp dragon (Swamp:2)
  A wyvern (D:9)
  A chaos spawn (Pan)
  A naga skeleton (Abyss:4)
  A swamp drake (Swamp:1)
  A small abomination (Gauntlet)
  A wight (Abyss:3)
  A gnoll (D:7)
  2 goblins (D:8)
  7 demonic plants
  16 foxfires
  5 fungi
  A lurking horror (Abyss:3)
  33 plants
  2 snaplasher vines (Pan)
  44 starspawn tentacles
  8 tentacles (Hell)
  6 withered plants (D:4)
133 creatures vanquished.

Grand Total: 2753 creatures vanquished

Notes
Turn   | Place    | Note
-------+----------+-------------------------------------------
     0 | D:1      | Sixotanaka the Gnoll Gladiator began the quest for the Orb.
     0 | D:1      | Reached XP level 1. HP: 20/20 MP: 1/1
   221 | D:1      | Reached XP level 2. HP: 25/26 MP: 2/2
   474 | D:1      | Reached XP level 3. HP: 27/31 MP: 3/3
   519 | D:1      | Found a faded altar of an unknown god.
   538 | D:1      | Reached skill level 1 in Invocations
   859 | D:1      | Reached skill level 1 in Short Blades
   859 | D:1      | Reached skill level 1 in Long Blades
   859 | D:1      | Reached skill level 1 in Axes
   859 | D:1      | Reached skill level 1 in Maces & Flails
   859 | D:1      | Reached skill level 1 in Staves
   859 | D:1      | Reached skill level 1 in Ranged Weapons
   859 | D:1      | Reached skill level 1 in Armour
   859 | D:1      | Reached skill level 1 in Stealth
   859 | D:1      | Reached skill level 1 in Shields
   859 | D:1      | Reached skill level 1 in Unarmed Combat
   859 | D:1      | Reached skill level 1 in Spellcasting
   859 | D:1      | Reached skill level 1 in Evocations
  1527 | D:2      | Reached XP level 4. HP: 36/37 MP: 5/5
  1586 | D:2      | You fall into a shaft and drop 1 floor!
  1700 | D:2      | Noticed Jessica
  1712 | D:2      | Killed Jessica
  1713 | D:2      | Reached skill level 1 in Conjurations
  1713 | D:2      | Reached skill level 1 in Hexes
  1713 | D:2      | Reached skill level 1 in Summonings
  1713 | D:2      | Reached skill level 1 in Necromancy
  1713 | D:2      | Reached skill level 1 in Translocations
  1713 | D:2      | Reached skill level 1 in Transmutations
  1713 | D:2      | Reached skill level 1 in Fire Magic
  1713 | D:2      | Reached skill level 1 in Ice Magic
  1713 | D:2      | Reached skill level 1 in Air Magic
  1713 | D:2      | Reached skill level 1 in Earth Magic
  1713 | D:2      | Reached skill level 1 in Poison Magic
  1759 | D:2      | Reached XP level 5. HP: 27/43 MP: 5/7
  2054 | D:2      | Found a runed translucent door.
  2055 | D:2      | Noticed Crazy Yiuf
  2227 | D:2      | Identified the +1 helmet of Lushri Bara {rElec rPois rF-
                  | Regen+}
  2227 | D:2      | Noticed Robin
  2240 | D:2      | Killed Robin
  2329 | D:2      | Found a shimmering blue altar of Sif Muna.
  2604 | D:3      | Noticed a water moccasin
  2623 | D:3      | Killed a water moccasin
  2624 | D:3      | Reached skill level 5 in Fighting
  2624 | D:3      | Reached skill level 5 in Throwing
  2624 | D:3      | Reached XP level 6. HP: 47/51 MP: 7/9
  2911 | D:3      | Found Zin's Purification Station.
  2914 | D:3      | Found a glowing silver altar of Zin.
  2917 | D:3      | Bought a potion of curing for 90 gold pieces
  3508 | D:4      | Noticed Grinder
  3582 | D:4      | Found a runed translucent gate.
  3582 | D:4      | Found a runed translucent gate.
  3582 | D:4      | Found a runed translucent gate.
  3590 | D:4      | Noticed bobfrom10's ghost (amateur OgWr)
  3590 | D:4      | Noticed bobfrom10's ghost (amateur DEIE)
  3732 | D:4      | Reached XP level 7. HP: 56/56 MP: 10/10
  3945 | D:4      | Found a hide-covered altar of Uskayaw.
  4303 | D:5      | Entered Level 5 of the Dungeon
  5318 | D:6      | Noticed a hornet
  5367 | D:6      | Noticed Duvessa
  5367 | D:6      | Noticed Dowan
  5628 | D:6      | Paralysed by a hornet for 3 turns
  5637 | D:6      | Killed a hornet
  5638 | D:6      | Reached XP level 8. HP: 40/63 MP: 12/12
  5718 | D:6      | Learned a level 2 spell: Wereblood
  5736 | D:6      | Found a snail-covered altar of Cheibriados.
  5823 | D:6      | Became a worshipper of Cheibriados the Contemplative
  6278 | D:6      | Found a bloodstained altar of Trog.
  6278 | D:6      | Found a basalt altar of Yredelemnul.
  6279 | D:6      | Found a shimmering altar of Xom.
  6281 | D:6      | Found an iron altar of Okawaru.
  6474 | D:7      | Reached skill level 6 in Throwing
  6582 | D:7      | Reached XP level 9. HP: 36/69 MP: 14/14
  6645 | D:7      | Identified the +8 dagger "Ifiusis" {vamp, rElec rF- Dex+2
                  | SInv}
  7174 | D:7      | Found a staircase to the Ecumenical Temple.
  7501 | D:8      | Noticed a hornet
  7617 | D:8      | Reached * piety under Cheibriados
  7812 | D:8      | Found a flagged portal.
  7817 | Bailey   | Entered a bailey
  7860 | Bailey   | Reached skill level 5 in Invocations
  7975 | Bailey   | Acquired the +18 Lear's hauberk
  7975 | Bailey   | Found the +18 Lear's hauberk
  8021 | Bailey   | Noticed an orc high priest
  8022 | Bailey   | Noticed a hellwing
  8039 | Bailey   | Found an iron altar of Okawaru.
  8039 | Bailey   | Noticed an orc knight
  8039 | Bailey   | Noticed a kobold demonologist
  8039 | Bailey   | Noticed an orc knight
  8200 | Bailey   | Reached ** piety under Cheibriados
  8305 | D:8      | Killed an orc knight
  8306 | D:8      | Reached skill level 5 in Short Blades
  8306 | D:8      | Reached skill level 5 in Long Blades
  8306 | D:8      | Reached skill level 5 in Axes
  8306 | D:8      | Reached skill level 5 in Maces & Flails
  8306 | D:8      | Reached skill level 5 in Staves
  8306 | D:8      | Reached skill level 5 in Ranged Weapons
  8306 | D:8      | Reached skill level 7 in Throwing
  8306 | D:8      | Reached skill level 5 in Armour
  8306 | D:8      | Reached skill level 5 in Stealth
  8306 | D:8      | Reached skill level 5 in Shields
  8306 | D:8      | Reached skill level 5 in Unarmed Combat
  8306 | D:8      | Reached skill level 5 in Spellcasting
  8306 | D:8      | Reached skill level 5 in Evocations
  8306 | D:8      | Reached XP level 10. HP: 53/79 MP: 17/17
  9580 | D:9      | Found a runed translucent door.
  9591 | D:9      | Noticed a purple ugly thing
  9604 | D:9      | Killed a purple ugly thing
  9702 | D:9      | Noticed a boulder beetle
  9705 | D:9      | Noticed a cyclops
  9730 | D:9      | Killed a cyclops
  9730 | D:9      | Reached *** piety under Cheibriados
  9963 | D:9      | Noticed a catoblepas
 10016 | D:9      | Noticed a death yak
 10035 | D:9      | Killed a death yak
 10036 | D:9      | Reached skill level 5 in Conjurations
 10036 | D:9      | Reached skill level 5 in Hexes
 10036 | D:9      | Reached skill level 5 in Summonings
 10036 | D:9      | Reached skill level 5 in Necromancy
 10036 | D:9      | Reached skill level 5 in Translocations
 10036 | D:9      | Reached skill level 5 in Transmutations
 10036 | D:9      | Reached skill level 5 in Fire Magic
 10036 | D:9      | Reached skill level 5 in Ice Magic
 10036 | D:9      | Reached skill level 5 in Air Magic
 10036 | D:9      | Reached skill level 5 in Earth Magic
 10036 | D:9      | Reached skill level 5 in Poison Magic
 10036 | D:9      | Reached XP level 11. HP: 56/85 MP: 18/20
 10195 | D:9      | Found a staircase to the Lair.
 10229 | D:9      | Noticed Maggie
 10237 | D:9      | Noticed Amaemon
 10455 | D:9      | Found a runed translucent door.
 10531 | D:9      | Killed Maggie
 10613 | D:9      | Found a staircase to the Orcish Mines.
 10933 | D:9      | Reached skill level 8 in Throwing
 11377 | D:9      | Killed a catoblepas
 11482 | D:9      | Reached **** piety under Cheibriados
 11510 | D:9      | Killed a boulder beetle
 11777 | D:9      | Killed Amaemon
 11959 | D:9      | Noticed Joseph
 11973 | D:9      | Killed Joseph
 12312 | D:10     | Entered Level 10 of the Dungeon
 12512 | D:10     | Found an ornate altar of the Wu Jian Council.
 12562 | D:10     | Reached XP level 12. HP: 82/94 MP: 22/22
 12732 | D:10     | Found a sacrificial altar of Ru.
 12782 | D:10     | Reached ***** piety under Cheibriados
 13117 | D:11     | Found Examacvi's Distillery.
 13120 | D:11     | Bought a potion of curing for 45 gold pieces
 13120 | D:11     | Bought a potion of berserk rage for 75 gold pieces
 13162 | D:11     | Learned a level 3 spell: Hailstorm
 13740 | D:11     | Reached skill level 10 in Polearms
 13740 | D:11     | Reached skill level 10 in Dodging
 13931 | D:12     | Found Kyulio's Book Emporium.
 13939 | D:12     | Bought a book of Fire for 510 gold pieces
 13986 | D:12     | Noticed Snorg
 14060 | D:12     | Killed Snorg
 14203 | D:12     | Reached skill level 9 in Throwing
 14242 | D:12     | Noticed a centaur warrior
 14248 | D:12     | Killed a centaur warrior
 14440 | D:12     | Found a gateway to a bazaar.
 14449 | Bazaar   | Entered a bazaar
 14463 | Bazaar   | Found Idoklurr's Antique Armour Emporium.
 14463 | Bazaar   | Found Sorufeun's General Store.
 14486 | Bazaar   | Found Kumeotin's Antique Weapon Emporium.
 14486 | Bazaar   | Found Tan Zufu's Antique Armour Shoppe.
 14507 | Bazaar   | Found Cimom's Armour Shoppe.
 14529 | Bazaar   | Found Wuelem's Magic Scroll Shoppe.
 14603 | Bazaar   | Bought an embroidered cloak for 120 gold pieces
 14689 | D:12     | Noticed a two-headed ogre
 14700 | D:12     | Killed a two-headed ogre
 15218 | D:13     | Noticed a centaur warrior
 15218 | D:13     | Noticed a five-headed hydra
 15279 | Lair:1   | Entered Level 1 of the Lair of Beasts
 15596 | Lair:1   | Reached XP level 13. HP: 92/101 MP: 25/25
 15909 | Lair:1   | Learned a level 3 spell: Kindle Blastsparks
 16280 | Lair:2   | Identified the +0 whip "Xuobluti" {speed, rElec}
 17227 | Lair:3   | Identified the +1 leather armour "Afuwunodu" {rElec Regen+
                  | Dex+3}
 17341 | Lair:3   | Reached ****** piety under Cheibriados
 17403 | Lair:3   | Found a staircase to the Snake Pit.
 17428 | Lair:3   | Noticed Nergalle
 17440 | Lair:3   | Killed Nergalle
 17622 | Lair:3   | Found a staircase to the Swamp.
 18060 | Lair:4   | Found a staircase to the Slime Pits.
 18060 | Lair:4   | Found a viscous altar of Jiyva.
 18127 | Lair:4   | Reached skill level 10 in Fighting
 18127 | Lair:4   | Reached skill level 10 in Throwing
 18376 | Lair:4   | Found an ornate altar of the Wu Jian Council.
 18471 | Lair:4   | Found a dark tunnel.
 18480 | Lair:4   | Learned a level 4 spell: Summon Ice Beast
 18481 | Volcano  | Entered a volcano
 19057 | Lair:5   | Entered Level 5 of the Lair of Beasts
 19180 | Lair:5   | Found a runed translucent door.
 19184 | Lair:5   | Found a shimmering altar of Xom.
 19184 | Lair:5   | Noticed Dega's ghost (journeyman SpHu)
 19362 | Lair:5   | Reached skill level 10 in Invocations
 19362 | Lair:5   | Reached XP level 14. HP: 87/110 MP: 27/27
 19539 | Lair:5   | Noticed Sonja
 19549 | Lair:5   | Killed Sonja
 20183 | Lair:5   | Found a corrupted altar of Lugonu.
 20183 | Lair:5   | Found a one-way gate to the infinite horrors of the Abyss.
 21492 | D:6      | Killed Duvessa
 21500 | D:6      | Killed Dowan
 22146 | D:13     | Learned a level 5 spell: Fireball
 22368 | D:13     | Reached skill level 10 in Short Blades
 22368 | D:13     | Reached skill level 10 in Long Blades
 22368 | D:13     | Reached skill level 10 in Axes
 22368 | D:13     | Reached skill level 10 in Maces & Flails
 22368 | D:13     | Reached skill level 10 in Staves
 22368 | D:13     | Reached skill level 10 in Ranged Weapons
 22368 | D:13     | Reached skill level 11 in Throwing
 22368 | D:13     | Reached skill level 10 in Armour
 22368 | D:13     | Reached skill level 10 in Stealth
 22368 | D:13     | Reached skill level 10 in Shields
 22368 | D:13     | Reached skill level 10 in Unarmed Combat
 22368 | D:13     | Reached skill level 10 in Spellcasting
 22368 | D:13     | Reached skill level 10 in Evocations
 22568 | D:13     | Found a gate to the Vaults.
 22577 | D:13     | Reached XP level 15. HP: 108/118 MP: 29/29
 23146 | D:14     | Noticed Louise
 23164 | D:14     | Killed Louise
 23300 | D:14     | Found a bloodstained altar of Trog.
 23726 | D:14     | Noticed Kirke
 23744 | D:14     | Killed Kirke
 23879 | D:14     | Found Kytugaf's Jewellery Emporium.
 23989 | D:15     | Entered Level 15 of the Dungeon
 24027 | D:15     | Found a gate leading to a gauntlet.
 24032 | Gauntlet | Entered a Gauntlet
 24032 | Gauntlet | Found a transporter.
 24044 | Gauntlet | Found a transporter.
 24044 | Gauntlet | Found a transporter.
 24045 | Gauntlet | Found a transporter.
 24053 | Gauntlet | Found a transporter.
 24056 | Gauntlet | Found a transporter.
 24057 | Gauntlet | Found a transporter.
 24064 | Gauntlet | Found a runed translucent door.
 24068 | Gauntlet | Found a transporter.
 24069 | Gauntlet | Found a transporter.
 24077 | Gauntlet | Found a transporter.
 24077 | Gauntlet | Found a transporter.
 24080 | Gauntlet | Found a transporter.
 24081 | Gauntlet | Found a transporter.
 24089 | Gauntlet | Found a transporter.
 24402 | Gauntlet | Gained mutation: You are occasionally teleported next to
                  | monsters. [a neqoxec]
 24530 | Gauntlet | Lost mutation: You are occasionally teleported next to
                  | monsters. [potion of mutation]
 24530 | Gauntlet | Gained mutation: You are covered in fur. (AC +1) [potion of
                  | mutation]
 24530 | Gauntlet | Gained mutation: You occasionally lose the ability to read
                  | scrolls when taking damage. [potion of mutation]
 24530 | Gauntlet | Gained mutation: You are strong-willed. (Will+) [potion of
                  | mutation]
 24531 | Gauntlet | Lost mutation: You occasionally lose the ability to read
                  | scrolls when taking damage. [potion of mutation]
 24531 | Gauntlet | Lost mutation: You are covered in fur. (AC +1) [potion of
                  | mutation]
 24531 | Gauntlet | Lost mutation: You are strong-willed. (Will+) [potion of
                  | mutation]
 24531 | Gauntlet | Gained mutation: You are partially covered in iridescent
                  | scales. (AC +2) [potion of mutation]
 24531 | Gauntlet | Gained mutation: You have an increased reservoir of magic.
                  | (+10% MP) [potion of mutation]
 24630 | Gauntlet | Identified the ring "Ifan" {Fly rPois rC- rN+ SInv}
 24697 | Gauntlet | Got the Vademecum on the Atmosphere and Hexes
 26866 | D:15     | Found a staircase to the Depths.
 27183 | Swamp:1  | Entered Level 1 of the Swamp
 27192 | Swamp:1  | Reached XP level 16. HP: 127/127 MP: 34/34
 27630 | Swamp:1  | Noticed a thorn hunter
 28065 | Swamp:2  | Learned a level 4 spell: Iskenderun's Mystic Blast
 28087 | Swamp:2  | Identified the +8 spear of Wusmonoq {flame, rN+ Dex+6}
 28111 | Swamp:2  | Reached skill level 12 in Throwing
 28139 | Swamp:2  | Learned a level 5 spell: Freezing Cloud
 28682 | Swamp:1  | Killed a thorn hunter
 29352 | Swamp:3  | Noticed Nikola
 30286 | Swamp:3  | Reached XP level 17. HP: 111/135 MP: 35/35
 30692 | Swamp:4  | Entered Level 4 of the Swamp
 30960 | Swamp:4  | Reached skill level 10 in Conjurations
 30960 | Swamp:4  | Reached skill level 10 in Hexes
 30960 | Swamp:4  | Reached skill level 10 in Summonings
 30960 | Swamp:4  | Reached skill level 10 in Necromancy
 30960 | Swamp:4  | Reached skill level 10 in Translocations
 30960 | Swamp:4  | Reached skill level 10 in Transmutations
 30960 | Swamp:4  | Reached skill level 10 in Fire Magic
 30960 | Swamp:4  | Reached skill level 10 in Ice Magic
 30960 | Swamp:4  | Reached skill level 10 in Air Magic
 30960 | Swamp:4  | Reached skill level 10 in Earth Magic
 30960 | Swamp:4  | Reached skill level 10 in Poison Magic
 31428 | Swamp:4  | Reached XP level 18. HP: 142/142 MP: 37/37
 31937 | Swamp:4  | Got a decaying rune of Zot
 32462 | Snake:1  | Entered Level 1 of the Snake Pit
 32580 | Snake:1  | Found a frozen archway.
 32586 | Snake:1  | Reached skill level 13 in Throwing
 32605 | IceCv    | Entered an ice cave
 33625 | IceCv    | Identified the ring "Quiplax" {Fly rPois Int+5 Dex-3}
 33741 | IceCv    | Identified the ring "Palymeih" {rElec rC+ rN+ Will-}
 33769 | IceCv    | Identified the ring "Kushagg" {rPois rF+ Int+4}
 33892 | Snake:1  | Identified the +5 great sword of Deformation {antimagic,
                  | rPois rN+}
 34078 | Snake:1  | Found a runed translucent door.
 34078 | Snake:1  | Found a shimmering altar of Xom.
 34078 | Snake:1  | Noticed bobfrom10's ghost (journeyman DECj)
 35157 | Snake:2  | Found Foonehun's Antique Weapon Shop.
 35166 | Snake:2  | Bought a runed demon whip for 630 gold pieces
 36977 | Snake:3  | Reached XP level 19. HP: 150/150 MP: 39/39
 37237 | Snake:4  | Entered Level 4 of the Snake Pit
 37253 | Snake:4  | Found Unlaat's Assorted Antiques.
 37253 | Snake:4  | Found Cataaly's Assorted Antiques.
 37254 | Snake:4  | Found Ylentol's Weapon Shoppe.
 37256 | Snake:4  | Found Zugison's General Store.
 37264 | Snake:4  | Bought a scroll of teleportation for 72 gold pieces
 37264 | Snake:4  | Bought a fine golden amulet for 120 gold pieces
 37264 | Snake:4  | Identified the amulet of Sinoext {Reflect Will+ SH+5
                  | Stlth+} (You bought it in a shop on level 4 of the Snake
                  | Pit)
 37283 | Snake:4  | Bought a potion of curing for 48 gold pieces
 37287 | Snake:4  | Bought a scroll labelled MYGYAT FOYL for 34 gold pieces
 37287 | Snake:4  | Bought a scroll of magic mapping for 255 gold pieces
 37298 | Snake:4  | Bought 6 atropa-tipped darts for 57 gold pieces
 38082 | Snake:4  | Learned a level 2 spell: Sublimation of Blood
 38705 | Snake:4  | Got a serpentine rune of Zot
 39476 | Depths:1 | Entered Level 1 of the Depths
 39548 | Depths:1 | Found a transporter.
 39559 | Depths:1 | You fall into a shaft and drop 1 floor!
 39570 | Depths:2 | Found Usaosuiwkoi's Assorted Antiques.
 39579 | Depths:2 | Bought a potion of heal wounds for 170 gold pieces
 39579 | Depths:2 | Bought a potion of curing for 102 gold pieces
 39588 | Depths:1 | Identified the +7 quarterstaff of the Special Seers
                  | {vorpal, rF+ Will+ rCorr Stlth-}
 39771 | Depths:2 | Found a one-way gate leading to the halls of Pandemonium.
 40011 | Depths:2 | Reached skill level 14 in Throwing
 40308 | Depths:1 | Found a gateway to Hell.
 41411 | Depths:1 | Found a blossoming altar of Fedhas.
 41724 | Depths:2 | Found a shadowy altar of Dithmenos.
 41726 | Depths:2 | Found an ornate altar of the Wu Jian Council.
 41726 | Depths:2 | Found a shimmering altar of Xom.
 41734 | Depths:2 | Found a shadowy altar of Dithmenos.
 41734 | Depths:2 | Found a stormy altar of Qazlal.
 41734 | Depths:2 | Found a sacrificial altar of Ru.
 41944 | Depths:2 | Identified the +1 scale mail of Xom, Wizarding {Harm Fly
                  | Str-4 Int+2}
 41944 | Depths:2 | Identified the ring of the Tempest {Fly rCorr Str+4}
 41977 | Depths:2 | Reached XP level 20. HP: 159/159 MP: 41/41
 42533 | Depths:2 | Reached skill level 15 in Polearms
 42533 | Depths:2 | Reached skill level 15 in Dodging
 42666 | Depths:3 | Noticed a golden dragon
 42666 | Depths:3 | Noticed a golden dragon
 42846 | Vaults:1 | Entered Level 1 of the Vaults
 43124 | D:13     | Learned a level 4 spell: Olgreb's Toxic Radiance
 43726 | Vaults:1 | Reached skill level 15 in Invocations
 44707 | Vaults:1 | Identified the +5 ring mail of Sophism {rPois}
 45166 | Vaults:2 | Found Golem's Weapon Boutique.
 45480 | Vaults:2 | Learned a level 5 spell: Yara's Violent Unravelling
 45520 | Vaults:2 | Reached XP level 21. HP: 157/167 MP: 40/43
 45860 | Vaults:2 | Reached skill level 15 in Fighting
 45860 | Vaults:2 | Reached skill level 15 in Throwing
 45991 | Vaults:2 | Found a staircase to the Crypt.
 45991 | Vaults:2 | Found a basalt altar of Yredelemnul.
 45992 | Vaults:2 | Found an ancient bone altar of Kikubaaqudgha.
 45992 | Vaults:2 | You fall into a shaft and drop 2 floors!
 46043 | Vaults:4 | Identified the +4 leather armour of Inaction {+Blink rElec
                  | Dex-2}
 46682 | Vaults:3 | Found a magical portal.
 46691 | WizLab   | Entered Lehudib's Moon Base
 47496 | WizLab   | Learned a level 5 spell: Lee's Rapid Deconstruction
 47781 | WizLab   | Found a transporter.
 48107 | WizLab   | Found a transporter.
 48133 | WizLab   | Found the +3 pair of gauntlets of War {Slay+5}
 48378 | WizLab   | Got the Precepts of the Map and Beguiling
 49336 | Vaults:3 | Reached XP level 22. HP: 175/176 MP: 45/45
 49340 | Vaults:3 | Reached skill level 15 in Short Blades
 49340 | Vaults:3 | Reached skill level 15 in Long Blades
 49340 | Vaults:3 | Reached skill level 15 in Axes
 49340 | Vaults:3 | Reached skill level 15 in Maces & Flails
 49340 | Vaults:3 | Reached skill level 15 in Staves
 49340 | Vaults:3 | Reached skill level 15 in Ranged Weapons
 49340 | Vaults:3 | Reached skill level 15 in Armour
 49340 | Vaults:3 | Reached skill level 15 in Stealth
 49340 | Vaults:3 | Reached skill level 15 in Shields
 49340 | Vaults:3 | Reached skill level 15 in Unarmed Combat
 49340 | Vaults:3 | Reached skill level 15 in Spellcasting
 49340 | Vaults:3 | Reached skill level 15 in Evocations
 51092 | Vaults:4 | Reached skill level 16 in Throwing
 51320 | Vaults:5 | Entered Level 5 of the Vaults
 51450 | Vaults:5 | Gained mutation: You occasionally shout uncontrollably at
                  | your foes. [a shining eye]
 51455 | Vaults:5 | Noticed an ancient lich
 51543 | Vaults:5 | Noticed a golden dragon
 51550 | Vaults:5 | Killed an ancient lich
 51551 | Vaults:5 | Killed a golden dragon
 51552 | Vaults:5 | Reached XP level 23. HP: 126/184 MP: 13/46
 52843 | Vaults:5 | Noticed a golden dragon
 53276 | Vaults:5 | Noticed a golden dragon
 53283 | Vaults:5 | Killed a golden dragon
 53357 | Vaults:5 | Identified the +7 hand axe of Zorhoudd {antimagic, rC+
                  | Dex+4}
 53460 | Vaults:5 | Identified the +3 plate armour of Ystauxt {rN+}
 53605 | Vaults:5 | Killed a golden dragon
 53607 | Vaults:5 | Identified the ring of Karehuc {rElec rF- rN++ Will+ Int+6}
 53607 | Vaults:5 | Identified the +7 glaive of Royalism {spect, *Slow MP+9
                  | Int+5}
 54899 | Vaults:5 | Got a silver rune of Zot
 55348 | Vaults:2 | Reached skill level 17 in Throwing
 56074 | Vaults:2 | Identified the +8 war axe "Dragon's Tongue" {vorpal, rF+}
 56490 | Depths:3 | Found Bynwexun's Demolitions Depot.
 56740 | Depths:3 | Noticed a caustic shrike
 56752 | Depths:3 | Killed a caustic shrike
 56763 | Depths:3 | Noticed a golden dragon
 56977 | Depths:2 | Bought a scroll of blinking for 255 gold pieces
 56977 | Depths:2 | Bought a scroll of acquirement for 1768 gold pieces
 56977 | Depths:2 | Bought a pair of distressingly furry boots for 323 gold
                  | pieces
 56977 | Depths:2 | Identified the +1 pair of boots of Oily Music {+Blink rC+
                  | rN+ Dex-4} (You bought it in a shop on level 2 of the
                  | Depths)
 56979 | Depths:2 | Acquired the ring of Oqus {rF+ rN+ rCorr EV+4}
 57160 | Depths:3 | Reached XP level 24. HP: 171/193 MP: 47/47
 57243 | Depths:3 | Noticed Vv
 57671 | Crypt:1  | Entered Level 1 of the Crypt
 58098 | Crypt:1  | Learned a level 6 spell: Iron Shot
 60415 | Crypt:3  | Entered Level 3 of the Crypt
 60602 | Crypt:3  | Identified the +3 rapier of the Everdark {flame, *Rage
                  | *Slow rF++ rC+}
 60929 | Crypt:3  | Found an ancient bone altar of Kikubaaqudgha.
 61239 | Crypt:3  | Reached skill level 18 in Throwing
 61844 | Crypt:3  | Found a staircase to the Tomb.
 62029 | Crypt:3  | Identified the +4 quarterstaff "Tewa" {freeze, Str-5 Int+7}
 62279 | Crypt:3  | Found the +9 sword of Zonguldrok {reap}
 62851 | Slime:1  | Entered Level 1 of the Pits of Slime
 62878 | Slime:1  | You fall into a shaft and drop 1 floor!
 63622 | Slime:2  | Reached XP level 25. HP: 199/202 MP: 31/48
 64359 | Slime:3  | Gained mutation: Your body sometimes deteriorates upon
                  | taking damage. [a shining eye]
 64834 | Slime:4  | Gained mutation: Armour fits poorly on your strangely
                  | shaped body. [a shining eye]
 64836 | Slime:4  | Lost mutation: You have an increased reservoir of magic.
                  | (+10% MP) [a shining eye]
 65151 | Slime:4  | Lost mutation: Your body sometimes deteriorates upon taking
                  | damage. [potion of mutation]
 65151 | Slime:4  | Lost mutation: Armour fits poorly on your strangely shaped
                  | body. [potion of mutation]
 65151 | Slime:4  | Gained mutation: You have large cloven feet. [potion of
                  | mutation]
 65151 | Slime:4  | Gained mutation: You have sharp fingernails. [potion of
                  | mutation]
 65151 | Slime:4  | Gained mutation: Your mind is acute. (Int +4, Str/Dex -1)
                  | [potion of mutation]
 65445 | Slime:4  | Learned a level 5 spell: Summon Forest
 65541 | Slime:5  | Entered Level 5 of the Pits of Slime
 65692 | Slime:5  | Noticed the Royal Jelly
 65717 | Slime:5  | Killed the Royal Jelly
 65718 | Slime:5  | Reached skill level 19 in Throwing
 66134 | Slime:5  | Acquired the Atlas of Petrified Changing
 66166 | Slime:5  | Identified the +4 plate armour of Understanding {*Slow
                  | rCorr Dex+7}
 66189 | Slime:5  | Got a slimy rune of Zot
 66230 | Slime:5  | Identified the ring of Xidium {rF- rN+ rCorr MP+9 Dex+4}
 66267 | Slime:5  | Identified the +10 glaive of the Realm of Zot {vorpal,
                  | +Blink rPois Str+3}
 67293 | Depths:3 | Identified the +1 pair of gloves of the Glamorous God
                  | {*Corrode rF+ Stlth+}
 67817 | Depths:3 | Killed Vv
 68308 | Depths:4 | Entered Level 4 of the Depths
 68309 | Depths:4 | Identified the ring of Jealousy {Ice rCorr MP+9 Int+2}
 68309 | Depths:4 | Noticed Josephina
 69159 | Depths:4 | Found a one-way gateway to a ziggurat.
 69208 | Depths:4 | Killed Josephina
 69631 | Depths:4 | Reached skill level 15 in Conjurations
 69631 | Depths:4 | Reached skill level 15 in Hexes
 69631 | Depths:4 | Reached skill level 15 in Summonings
 69631 | Depths:4 | Reached skill level 15 in Necromancy
 69631 | Depths:4 | Reached skill level 15 in Translocations
 69631 | Depths:4 | Reached skill level 15 in Transmutations
 69631 | Depths:4 | Reached skill level 15 in Fire Magic
 69631 | Depths:4 | Reached skill level 15 in Ice Magic
 69631 | Depths:4 | Reached skill level 15 in Air Magic
 69631 | Depths:4 | Reached skill level 15 in Earth Magic
 69631 | Depths:4 | Reached skill level 15 in Poison Magic
 69911 | Depths:4 | Found a gate to the Realm of Zot.
 70099 | Depths:1 | Learned a level 2 spell: Passwall
 70100 | Depths:1 | Voluntarily entered the Abyss.
 70505 | Abyss:3  | Reached XP level 26. HP: 95/211 MP: 15/44
 70763 | Abyss:3  | Noticed a dread lich
 70778 | Abyss:3  | Killed a dread lich
 70995 | Abyss:3  | Learned a level 1 spell: Apportation
 71001 | Abyss:3  | Reached skill level 20 in Throwing
 71122 | Abyss:3  | Found a corrupted altar of Lugonu.
 71165 | Abyss:3  | Gained mutation: You occasionally lose the ability to drink
                  | potions when taking damage. [a neqoxec]
 71329 | Depths:1 | Escaped the Abyss
 71597 | Depths:1 | Lost mutation: You sometimes lose the ability to drink
                  | potions when taking damage. [potion of mutation]
 71597 | Depths:1 | Lost mutation: You are partially covered in iridescent
                  | scales. (AC +2) [potion of mutation]
 71597 | Depths:1 | Lost mutation: You have large cloven feet. [potion of
                  | mutation]
 71597 | Depths:1 | Gained mutation: You are partially covered in iridescent
                  | scales. (AC +2) [potion of mutation]
 71699 | Depths:1 | Voluntarily entered the Abyss.
 72294 | Depths:1 | Escaped the Abyss
 72633 | Depths:1 | Voluntarily entered the Abyss.
 73709 | Abyss:4  | Lost mutation: Your mind is acute. (Int +4, Str/Dex -1) [a
                  | cacodemon]
 73782 | Abyss:5  | Found a corrupted altar of Lugonu.
 73833 | Abyss:5  | Found an iron altar of Okawaru.
 73859 | Abyss:5  | Found a glowing golden altar of the Shining One.
 73909 | Abyss:5  | Noticed a juggernaut
 73911 | Abyss:5  | Got an abyssal rune of Zot
 73924 | Abyss:5  | Killed a juggernaut
 73929 | Abyss:5  | Found an iron altar of Okawaru.
 73952 | Abyss:5  | Reached XP level 27. HP: 220/220 MP: 28/45
 73978 | Abyss:5  | Found a corrupted altar of Lugonu.
 73983 | Depths:1 | Escaped the Abyss
 74016 | Hell     | Entered the Vestibule of Hell
 74016 | Hell     | Noticed Geryon
 74123 | Hell     | Noticed Murray
 74187 | Depths:1 | Reached skill level 21 in Throwing
 74241 | Depths:1 | Killed Murray
 74564 | Hell     | Killed Geryon
 74585 | Hell     | Gained mutation: You sometimes lose your temper in combat.
                  | [a cacodemon]
 74589 | Hell     | Gained mutation: Your spells are a little harder to cast,
                  | but a little more powerful. [a cacodemon]
 75069 | Depths:1 | Lost mutation: You are partially covered in iridescent
                  | scales. (AC +2) [potion of mutation]
 75069 | Depths:1 | Lost mutation: You sometimes lose your temper in combat.
                  | [potion of mutation]
 75069 | Depths:1 | Gained mutation: Your system is resistant to poisons.
                  | (rPois) [potion of mutation]
 75069 | Depths:1 | Gained mutation: You are weak. (Str -2) [potion of
                  | mutation]
 75069 | Depths:1 | Gained mutation: You are agile. (Dex +4, Str/Int -1)
                  | [potion of mutation]
 75613 | Hell     | Found a gateway to the ashen valley of Gehenna.
 75809 | Hell     | Found a gateway to the Iron City of Dis.
 76029 | Hell     | Found a gateway to the freezing wastes of Cocytus.
 76083 | Hell     | Noticed an ancient lich
 76093 | Hell     | Killed an ancient lich
 76159 | Hell     | Found a gateway to the decaying netherworld of Tartarus.
 76397 | Pan      | Entered Pandemonium
 76874 | Pan      | Noticed Sexulag the pandemonium lord
 76887 | Pan      | Found an exit through the horrors of the Abyss.
 77274 | Pan      | Identified the +1 buckler "Ygocudoz" {Int+3}
 77284 | Pan      | Gained mutation: You occasionally lose the ability to drink
                  | potions when taking damage. [a neqoxec]
 77300 | Pan      | Lost mutation: You occasionally lose the ability to drink
                  | potions when taking damage. [potion of mutation]
 77300 | Pan      | Lost mutation: You are agile. (Dex +4, Str/Int -1) [potion
                  | of mutation]
 77300 | Pan      | Lost mutation: Your system is resistant to poisons. (rPois)
                  | [potion of mutation]
 77657 | Pan      | Killed Sexulag the pandemonium lord
 79091 | Pan      | Noticed Ineykhoh the pandemonium lord
 79103 | Pan      | Killed Ineykhoh the pandemonium lord
 79236 | Pan      | Acquired the ring "Jureisch" {rElec rC+ MP+9 Str+4 Int-3}
 79623 | Pan      | Gained mutation: You are occasionally teleported next to
                  | monsters. [a neqoxec]
 79664 | Pan      | Lost mutation: You occasionally shout uncontrollably at
                  | your foes. [potion of mutation]
 79664 | Pan      | Lost mutation: You have sharp fingernails. [potion of
                  | mutation]
 79664 | Pan      | Gained mutation: You are agile. (Dex +4, Str/Int -1)
                  | [potion of mutation]
 79665 | Pan      | Lost mutation: Your spells are a little harder to cast, but
                  | a little more powerful. [potion of mutation]
 79665 | Pan      | Lost mutation: You are weak. (Str -2) [potion of mutation]
 79665 | Pan      | Gained mutation: You are very agile. (Dex +8, Str/Int -2)
                  | [potion of mutation]
 79699 | Pan      | Reached skill level 22 in Throwing
 79842 | Pan      | Learned a level 4 spell: Dispel Undead
 79902 | Pan      | Identified the +8 flail of the Blushing Fulmar {holy,
                  | *Noise rF+ rC+ rN+++}
 80580 | Pan      | Lost mutation: You are occasionally teleported next to
                  | monsters. [potion of mutation]
 80580 | Pan      | Lost mutation: You are very agile. (Dex +8, Str/Int -2)
                  | [potion of mutation]
 80580 | Pan      | Lost mutation: You are agile. (Dex +4, Str/Int -1) [potion
                  | of mutation]
 80580 | Pan      | Gained mutation: You have a pair of small antennae on your
                  | head. [potion of mutation]
 80580 | Pan      | Gained mutation: You possess an exceptional clarity of
                  | mind. [potion of mutation]
 80918 | Pan      | Noticed Ehinoj the pandemonium lord
 80922 | Pan      | Killed Ehinoj the pandemonium lord
 81986 | Pan      | Noticed Enehit the pandemonium lord
 82012 | Pan      | Killed Enehit the pandemonium lord
 82335 | Pan      | Lost mutation: You have a pair of small antennae on your
                  | head. [potion of mutation]
 82335 | Pan      | Lost mutation: You possess an exceptional clarity of mind.
                  | [potion of mutation]
 82335 | Pan      | Gained mutation: You occasionally shout uncontrollably at
                  | your foes. [potion of mutation]
 84562 | Pan      | Entered the realm of Cerebov.
 84603 | Pan      | Identified the +3 sling of the End of Times {drain, rPois
                  | rF+ rC+ Int-5}
 84610 | Pan      | Identified the +9 trident of Neurosis {vamp, rElec Dex+5}
 85041 | Pan      | Found the +6 sword of Cerebov {flame}
 85041 | Pan      | Noticed Cerebov
 85534 | Pan      | Identified the +7 flail "Yqaujuyt" {pain, Str+2 Int+2}
 85624 | Pan      | Got the Compilation of Unified Interference
 85635 | Pan      | Learned a level 6 spell: Statue Form
 85716 | Pan      | Got the Cyclopedia of Damage Dealing and Ice
 85803 | Pan      | Identified the +0 robe of Inevitability {+Blink rC+ rN+}
 85885 | Pan      | Slain by Cerebov

Illustrated notes

Levels and vault maps discovered:
D:1:      psy_arrival_radial02, layout_basic,
          dreamdust_ecumenical_altar_statues, st_stairs_5, minivault_5,
          lexackson_kobold_supper
D:2:      layout_basic, basic_altar, uniq_jessica, uniq_crazy_yiuf_cottage,
          uniq_robin
D:3:      layout_loops_cross, zin_purify
D:4:      layout_basic, nicolae_overflow_crystal_walls,
          gammafunk_ghost_cemetery, hangedman_decor_lopped, uniq_grinder
D:5:      layout_layer_cave
D:6:      layout_loops_ring, minitemple, cheibriados_altar_1, uniq_duvessa
D:7:      layout_loops_corners, minmay_temple_entry_drinking_statues,
          serial_bayou_pond_a, roderic_serpentine_path
D:8:      layout_layer_cave, enter_bailey_3
D:9:      cheibrodos_histonic, layout_loops_ring, david_lair_generic,
          kennysheep_orc_monster_closet_entryway, uniq_maggie, uniq_joseph,
          uniq_amaemon
D:10:     layout_loops_cross, kennysheep_little_box,
          mainiacjoe_overflow_six_doors_small
D:11:     layout_small_grid, serial_shops, nicolae_stop_n_shop_2
D:12:     layout_irregular_city, serial_shops, bzr_entry_customers, shop,
          uniq_snorg
D:13:     layout_basic, grunt_vaults_entry_fortified
D:14:     layout_cross, serial_shops, nicolae_shop_statue_plus,
          serial_park_gazebo [serial_park_minivault_5x5_4],
          trog_three_pillars_becter, uniq_louise, uniq_kirke
D:15:     gammafunk_enter_depths_forms, layout_loops_corners, amethyst_killhole,
          gauntlet_entry_generic
Lair:1:   layout_cave_shapes, serial_bayou_lake_a
Lair:2:   layout_hall_layers
Lair:3:   layout_gridlike, swamp_mist_pool, dummy_snake_entry,
          lemuel_another_geyser, serial_bayou_shore_a, grunt_megastairs_5,
          uniq_nergalle
Lair:4:   layout_big_grid, slime_entry_1, enter_volcano_1, basic_altar
Lair:5:   hellmonk_lair_end_abyssal_woods, layout_cave_pods, ebering_ghost_xom,
          grunt_forest_large_clearing_hut, grunt_megastairs_3,
          infiniplex_staircase_pool_2, lemuel_fruit_fields, uniq_sonja
Swamp:1:  layout_falls_marsh, nicolae_swamp_trees_clearing, swamp_pool5
Swamp:2:  layout_basic_swamp, evilmike_swamp_ruin_house_2
Swamp:3:  layout_basic_swamp, infiniplex_staircase_pool, uniq_nikola
Swamp:4:  swamp_vile, layout_basic_swamp
Snake:1:  layout_basic, portal_ice_cave_entry_ice_simulacra, ebering_ghost_xom,
          grunt_megastairs_4
Snake:2:  layout_onion, serial_shops, nicolae_stop_n_shop_1, grunt_ministairs_13
Snake:3:  layout_basic, serial_bayou_shore_b, lemuel_fruit_tree
Snake:4:  grunt_snake_rune_serpentine_throne, layout_onion_interference,
          minmay_shoptagon
Slime:1:  layout_caves
Slime:2:  layout_caves
Slime:3:  layout_caves
Slime:4:  cheibrodos_slime_lost_civilization_9, layout_caves,
          nicolae_slime_welcoming_committee
Slime:5
Vaults:1: ontoclasm_vaults_ring_square, v_misc_9, v_pattern_2,
          vaults_dpeg_hooks, vaults_mumra_bighexcomb,
          nicolae_vaults_network_quinsquares
          [nicolae_vaults_network_quincunx_subvault,
          nicolae_vaults_network_quincunx_subvault,
          nicolae_vaults_network_quincunx_subvault,
          nicolae_vaults_network_quincunx_subvault],
          nicolae_vaults_mini_display_case, layout_vaults_quadrants
Vaults:2: nicolae_vaults_little_ls, nicolae_vaults_network_quincunx
          [nicolae_vaults_network_quincunx_subvault,
          nicolae_vaults_network_quincunx_subvault,
          nicolae_vaults_network_quincunx_subvault,
          nicolae_vaults_network_quincunx_subvault,
          nicolae_vaults_network_quincunx_subvault], hangedman_vaults_corner,
          minmay_crypt_entry_necro_gods, nicolae_vaults_big_angled_halls,
          hangedman_vaults_cutoff, hangedman_vaults_impose,
          ontoclasm_vaults_ligature, v_misc_28, v_alt_pattern_2, v_misc_3,
          nicolae_vaults_statue_guard, vaults_room_semicircle,
          layout_vaults_omnicross, serial_shops, shop
Vaults:3: mu_enter_wizlab_6, ontoclasm_vaults_fault, nicolae_vaults_what_the_h,
          v_misc_16, v_misc_9, nicolae_vaults_big_ls, dpeg_vaults_monster_row,
          v_misc_11, v_alt_pattern_5, vaults_dpeg_emergency_exit,
          layout_vaults_ring
Vaults:4: hangedman_vaults_stretched_pinwheel, ontoclasm_vaults_shuriken,
          vaults_room_door_ring, hangedman_vaults_river_flow, v_misc_16, st_eye,
          nicolae_vaults_alarming, v_rooms_5, ontoclasm_vaults_ring_large,
          nicolae_vaults_windows_and_doors_thing, v_misc_32, v_misc_29,
          layout_vaults_maze_bifur
Vaults:5
Crypt:1:  layout_catacombs
Crypt:2:  layout_catacombs, st_stairs_4, minivault_4
Crypt:3:  grunt_crypt_end_deaths_head
Depths:1: layout_roguey, fedhas_altar_fruit_tree, pf_hell_entry_tar_river,
          abyss_entry, minmay_misc_feat_doors, columned_hall_lemuel,
          nicolae_diode_basic, firewood_loft, serial_bayou_shore_b
Depths:2: cheibrodos_poisonous_passages, layout_basic, pf_coc_iceberg,
          serial_shops, shop, rand_demon_pan_entry_8, doesnt_xom_only_xom,
          minmay_staircase_windowed_large
Depths:3: minmay_crescents, layout_gridlike, marbit_kobold_abyss_entry,
          pf_dread_powers_of_hell, nicolae_blasting_shop, uniq_vv
Depths:4: evilmike_zot_entry_hall, layout_honeycomb, enter_ziggurat_f,
          lightli_too_deep, minmay_misc_feat_columns, rand_demon_pan_entry_3,
          minmay_misc_feat_plants, uniq_josephina
Hell
Pan:      grunt_pan_pentagram, layout_rooms, pan_blood_fountain, rand_demon_1,
          layout_rooms, pan_blood_fountain, nicolae_pan_gloorx_vloqian_1,
          evilmike_mini_pan_doors_b, layout_basic, pan_blood_fountain_2,
          nicolae_pan_strange_glyphs [nicolae_pan_strange_glyph_contempt,
          nicolae_pan_strange_glyph_despair], rand_demon_1, layout_rooms,
          pan_blood_fountain, cerebov, layout_rooms, pan_blood_fountain_small

Skill      XL: |  1  2  3  4  5  6  7  8  9 10 11 12 13 14 15 16 17 18 19 20 21 22 23 24 25 26 27 |
---------------+----------------------------------------------------------------------------------+-----
Invocations    | 1 2 3 4 5 6 7 8 10 11 12 13 14 15 16 17 18 19 21 | 21.2
Short Blades   | 1 2 3 5 6 7 8 9 10 11 12 13 14 15 16 17 18 19 | 19.6
Long Blades    | 1 2 3 5 6 7 8 9 10 11 12 13 14 15 16 17 18 19 | 19.6
Axes           | 1 2 3 5 6 7 8 9 10 11 12 13 14 15 16 17 18 19 | 19.6
Maces & Flails | 1 2 3 5 6 7 8 9 10 11 12 13 14 15 16 17 18 19 | 19.6
Staves         | 1 2 3 5 6 7 8 9 10 11 12 13 14 15 16 17 18 19 | 19.6
Ranged Weapons | 1 2 3 5 6 7 8 9 10 11 12 13 14 15 16 17 18 19 | 19.6
Armour         | 1 2 3 5 6 7 8 9 10 11 12 13 14 15 16 17 18 19 | 19.6
Stealth        | 1 2 3 5 6 7 8 9 10 11 12 13 14 15 16 17 18 19 | 19.7
Shields        | 1 2 3 5 6 7 8 9 10 11 12 13 14 15 16 17 18 19 | 19.6
Unarmed Combat | 1 2 3 5 6 7 8 9 10 11 12 13 14 15 16 17 18 19 | 19.6
Spellcasting   | 1 2 3 5 6 7 8 9 10 11 12 13 14 15 16 17 18 19 | 19.6
Evocations     | 1 2 3 5 6 7 8 9 10 11 12 13 14 15 16 17 18 19 | 19.6
Conjurations   | 1 2 3 4 5 6 7 8 9 10 11 12 13 14 15 16 | 16.7
Hexes          | 1 2 3 4 5 6 7 8 9 10 11 12 13 14 15 16 | 16.7
Summonings     | 1 2 3 4 5 6 7 8 9 10 11 12 13 14 15 16 | 16.7
Necromancy     | 1 2 3 4 5 6 7 8 9 10 11 12 13 14 15 16 | 16.7
Translocations | 1 2 3 4 5 6 7 8 9 10 11 12 13 14 15 16 | 16.7
Transmutations | 1 2 3 4 5 6 7 8 9 10 11 12 13 14 15 16 | 16.7
Fire Magic     | 1 2 3 4 5 6 7 8 9 10 11 12 13 14 15 16 | 16.7
Ice Magic      | 1 2 3 4 5 6 7 8 9 10 11 12 13 14 15 16 | 16.7
Air Magic      | 1 2 3 4 5 6 7 8 9 10 11 12 13 14 15 16 | 16.7
Earth Magic    | 1 2 3 4 5 6 7 8 9 10 11 12 13 14 15 16 | 16.7
Poison Magic   | 1 2 3 4 5 6 7 8 9 10 11 12 13 14 15 16 | 16.7
Fighting       | 5 6 7 8 9 10 11 12 13 14 15 16 17 18 20 | 20.1
Throwing       | 5 6 7 8 9 10 11 12 13 14 15 16 17 18 19 20 22 | 22.9
Polearms       | 7 8 9 10 11 12 13 14 15 16 17 18 19 20 | 20.5
Dodging        | 7 8 9 10 11 12 13 14 15 16 17 18 19 20 | 20.5

Action                   |  1- 3 |  4- 6 |  7- 9 | 10-12 | 13-15 | 16-18 | 19-21 | 22-24 | 25-27 || total
-------------------------+-------+-------+-------+-------+-------+-------+-------+-------+-------++-------
Melee: Trident           |   117 |       |       |       |       |       |       |       |       ||   117
       Bite              |     7 |    17 |    31 |   105 |   180 |   161 |   251 |   259 |   594 ||  1605
       Hand axe          |    28 |   191 |   233 |       |       |       |       |       |       ||   452
       Punch             |     1 |     1 |    13 |    49 |    48 |       |       |       |       ||   112
       Demon blade       |       |       |   140 |   555 |  1074 |   903 |  1054 |  1311 |  1874 ||  6911
       Demon whip        |       |       |       |    73 |    44 |     4 |   198 |       |    23 ||   342
       Dagger            |       |       |       |    23 |    24 |       |       |       |       ||    47
       Flail             |       |       |       |       |       |       |       |       |   620 ||   620
Throw: Dart              |     3 |     3 |    15 |     8 |       |       |       |     1 |     1 ||    31
       Throwing net      |       |       |     4 |       |       |       |       |       |       ||     4
       Javelin           |       |       |     1 |       |       |       |       |       |     1 ||     2
 Cast: Wereblood         |       |       |       |     4 |     1 |     3 |     3 |     2 |     1 ||    14
       Hailstorm         |       |       |       |     5 |    49 |     1 |     8 |       |     2 ||    65
       Kindle Blastspark |       |       |       |       |     2 |       |       |       |       ||     2
       Summon Ice Beast  |       |       |       |       |    12 |     1 |     4 |     1 |       ||    18
       Fireball          |       |       |       |       |     1 |    76 |     7 |     7 |     3 ||    94
       Freezing Cloud    |       |       |       |       |       |    43 |   101 |    80 |    95 ||   319
       Iskenderun's Myst |       |       |       |       |       |     7 |     4 |       |     1 ||    12
       Sublimation of Bl |       |       |       |       |       |       |     8 |       |     2 ||    10
       Olgreb's Toxic Ra |       |       |       |       |       |       |    30 |    49 |    14 ||    93
       Lee's Rapid Decon |       |       |       |       |       |       |     2 |    35 |    20 ||    57
       Yara's Violent Un |       |       |       |       |       |       |       |     2 |       ||     2
       Iron Shot         |       |       |       |       |       |       |       |    57 |   309 ||   366
       Summon Forest     |       |       |       |       |       |       |       |       |     8 ||     8
       Apportation       |       |       |       |       |       |       |       |       |     1 ||     1
       Statue Form       |       |       |       |       |       |       |       |       |     1 ||     1
Invok: Slouch            |       |       |       |     1 |    10 |     7 |     3 |    12 |    23 ||    56
       Step From Time    |       |       |       |     1 |     2 |     1 |     1 |       |       ||     5
       Bend Time         |       |       |       |       |       |     1 |       |       |       ||     1
 Abil: Evoke Blink       |       |       |       |       |       |       |       |     7 |     6 ||    13
Evoke: Wand              |       |       |    15 |     5 |    13 |     6 |     3 |       |     8 ||    50
       Phantom mirror    |       |       |       |       |       |       |       |     2 |       ||     2
  Use: Scroll            |       |     1 |    11 |    10 |    16 |    11 |    13 |     5 |    16 ||    83
       Potion            |       |     2 |     5 |     3 |     3 |     2 |       |     4 |    23 ||    42
 Stab: Sleeping          |     2 |     3 |     5 |       |     7 |     9 |    24 |     8 |       ||    58
       Invisible         |     2 |       |     2 |    12 |       |       |       |     5 |     6 ||    27
       Held in net/web   |       |       |     1 |       |       |       |       |       |       ||     1
       Petrified         |       |       |       |     5 |       |       |       |       |       ||     5
       Distracted        |       |       |       |       |     2 |       |     2 |       |     9 ||    13
       Petrifying        |       |       |       |       |       |       |       |       |     1 ||     1
Armor: Leather armour    |    15 |    34 |    50 |       |       |       |       |       |       ||    99
       Chain mail        |       |       |    24 |   324 |   546 |   309 |   216 |   118 |       ||  1537
       Gold dragon scale |       |       |       |       |       |       |       |   209 |   498 ||   707
Dodge: Dodged            |    89 |   147 |   294 |   520 |   945 |   638 |   290 |   457 |   797 ||  4177
Block: Buckler           |       |       |       |       |   178 |   333 |       |       |       ||   511
       Kite shield       |       |       |       |       |       |    17 |    42 |       |       ||    59
       Tower shield      |       |       |       |       |       |       |  1244 |  1774 |  3200 ||  6218
       Reflection        |       |       |       |       |       |       |    66 |    57 |    65 ||   188

Table legend: (Time is in decaauts)
 A = Elapsed time spent in this place.
 B = Non-inter-level travel time spent in this place.
 C = Inter-level travel time spent in this place.
 D = Time resting spent in this place.
 E = Time spent auto-exploring this place.
 F = Levels seen in this place.
 G = Mean time per level.
                   A        B        C        D        E       F      G
               +--------+--------+--------+--------+--------+-----+--------+
         Total | 117043 | 109701 |   7342 |  26980 |  57788 |  64 | 1828.8 |
       Dungeon |  26475 |  23696 |   2779 |   4340 |  13766 |  15 | 1765.0 |
          Lair |   9937 |   9176 |    761 |    612 |   6973 |   5 | 1987.4 |
         Swamp |   6738 |   6471 |    267 |   2126 |   2933 |   4 | 1684.5 |
     Snake Pit |   8552 |   8122 |    430 |   1545 |   5082 |   4 | 2138.0 |
    Slime Pits |   5339 |   4941 |    398 |   1257 |   2945 |   5 | 1067.8 |
        Vaults |  16995 |  15655 |   1340 |   3802 |   9001 |   5 | 3399.0 |
         Crypt |   7137 |   6829 |    308 |   1150 |   4502 |   3 | 2379.0 |
        Depths |  13079 |  12060 |   1019 |   4449 |   5577 |   4 | 3269.8 |
          Hell |   1193 |   1157 |     36 |    194 |    577 |   1 | 1193.0 |
         Abyss |   3919 |   3919 |      0 |   1080 |    161 |   7 |  559.9 |
   Pandemonium |  11900 |  11900 |      0 |   4532 |   4270 |   5 | 2380.0 |
        Bazaar |    401 |    401 |      0 |      0 |      0 |   1 |  401.0 |
        Bailey |    559 |    559 |      0 |    152 |     74 |   1 |  559.0 |
      Ice Cave |   1466 |   1466 |      0 |    801 |    386 |   1 | 1466.0 |
       Volcano |     43 |     43 |      0 |      0 |      0 |   1 |   43.0 |
        Wizlab |   2446 |   2446 |      0 |    630 |   1275 |   1 | 2446.0 |
      Gauntlet |    857 |    857 |      0 |    306 |    261 |   1 |  857.0 |
               +--------+--------+--------+--------+--------+-----+--------+

Top non-repeatable levels by time:
Depths:1: 4394 daAuts
Vaults:4: 4334 daAuts
     D:9: 3694 daAuts
    D:15: 3671 daAuts
Vaults:1: 3455 daAuts
Vaults:2: 3296 daAuts
Vaults:5: 3282 daAuts
  Lair:5: 3194 daAuts
Depths:2: 3179 daAuts
 Snake:4: 3095 daAuts
Depths:3: 3060 daAuts
 Crypt:3: 2824 daAuts
 Abyss:3: 2729 daAuts
Vaults:3: 2626 daAuts
  WizLab: 2446 daAuts
